HSSL
ROCKY POINT HS EAGLES @ MAIZE HS
05/05/2023
 
TOP OF THE 1ST
Rocky Point HS Eagles batting - Pitching for Maize HS : RHP Gabriel Vásquez
Pitching: RHP Gabriel Vásquez
Batting: RHB Benoît Vigneault 0-0: Foul Ball, location: 2F
0-1: Ball
1-1: Ball
2-1: Fly out, F7 (Flyball, 7LM)
Batting: RHB Jeremy Flemming 0-0: Called Strike
0-1: Fly out, F8 (Flyball, 89M)
Batting: LHB Terry Simpson 0-0: Hit by Pitch
Batting: LHB Michael Barrett 0-0: Ball
1-0: Called Strike
1-1: SINGLE (Groundball, 25) (infield hit)
Terry Simpson to second
Batting: RHB Joe Lewis 0-0: Swinging Strike
0-1: Swinging Strike
0-2: Ball
1-2: Strikes out looking
Top of the 1st over - 0 run(s), 1 hit(s), 0 error(s), 2 left on base; Rocky Point HS 0 - Maize HS 0
BOTTOM OF THE 1ST
Maize HS batting - Pitching for Rocky Point HS Eagles : RHP Justin Taylor
Pitching: RHP Justin Taylor
Batting: RHB Miguel Hernández 0-0: Ball
1-0: Fly out, F3 (Popup, 3F)
Batting: RHB Álex Hernández 0-0: Fly out, F9 (Flyball, 9M)
Batting: RHB Norris Howard 0-0: Ball
1-0: Fly out, F6 (Popup, 6D)
Bottom of the 1st over - 0 run(s), 0 hit(s), 0 error(s), 0 left on base; Rocky Point HS 0 - Maize HS 0
TOP OF THE 2ND
Rocky Point HS Eagles batting - Pitching for Maize HS : RHP Gabriel Vásquez
Batting: SHB Ralph Marshall 0-0: Ball
1-0: Called Strike
1-1: Foul Ball, location: 2F
1-2: Foul Ball, location: 2F
1-2: Ball
2-2: Foul Ball, location: 2F
2-2: SINGLE (Groundball, 6)
Batting: RHB Robbie Anderson 0-0: Called Strike
0-1: Swinging Strike
0-2: Fly out, F8 (Flyball, 8LXD)
Batting: SHB Waylon Adams 0-0: Ball
1-0: Ball
2-0: Ball
3-0: Called Strike
3-1: Foul Ball, location: 2F
3-2: Foul Ball, location: 2F
3-2: Base on Balls
Ralph Marshall to second
Batting: RHB Bill Bourland 0-0: SINGLE (Line Drive, 6MD)
Ralph Marshall to third
Waylon Adams to second
Batting: RHB Benoît Vigneault 0-0: Ball
1-0: Ball
2-0: Called Strike
2-1: Ball
3-1: SINGLE (Groundball, 56D)
Ralph Marshall scores
Waylon Adams to third
Bill Bourland to second
Batting: RHB Jeremy Flemming 0-0: Foul Ball, location: 2F
0-1: Ball
1-1: Foul Ball, location: 2F
1-2: Foul Ball, location: 2F
1-2: Foul Ball, location: 2F
1-2: Ball
2-2: Ball
3-2: SINGLE (Flyball, 8LM)
Waylon Adams scores
Bill Bourland to third
Benoît Vigneault to second
Batting: LHB Terry Simpson 0-0: SINGLE (Groundball, 34D)
Bill Bourland scores
Benoît Vigneault to third
Jeremy Flemming to second
Batting: LHB Michael Barrett 0-0: Foul Ball, location: 2F
0-1: Ball
1-1: Swinging Strike
1-2: Fly out, F7 (Flyball, 7M)
Runner from 3rd tags up, SCORES, throw made
Batting: RHB Joe Lewis 0-0: Called Strike
0-1: Ball
1-1: Ball
2-1: Foul Ball, location: 2F
2-2: SINGLE (Line Drive, 78S)
Jeremy Flemming to third
Terry Simpson to second
Runner from 3rd tries for Home, SAFE, no throw or cutoff
Batting: SHB Ralph Marshall 0-0: Called Strike
0-1: Ball
1-1: Called Strike
1-2: Ball
2-2: Ball
3-2: Base on Balls
Terry Simpson to third
Joe Lewis to second
Batting: RHB Robbie Anderson 0-0: Ball
1-0: Ball
2-0: Ball
3-0: Base on Balls
Terry Simpson scores
Joe Lewis to third
Ralph Marshall to second
Batting: SHB Waylon Adams 0-0: Ball
1-0: SINGLE (Flyball, 7LM)
Joe Lewis scores
Ralph Marshall to third
Robbie Anderson to second
Runner from 3rd tries for Home, SAFE, no throw or cutoff
Pitching: RHP Norbert Patterson
Batting: RHB Bill Bourland 0-0: Called Strike
0-1: Fielders Choice at 2nd, 5-4 (Groundball, 5)
Top of the 2nd over - 8 run(s), 7 hit(s), 0 error(s), 1 left on base; Rocky Point HS 8 - Maize HS 0
BOTTOM OF THE 2ND
Maize HS batting - Pitching for Rocky Point HS Eagles : RHP Justin Taylor
Batting: LHB Carl Hodge 0-0: Swinging Strike
0-1: SINGLE (Groundball, 4MD)
Batting: RHB José Murillo 0-0: Called Strike
0-1: Ball
1-1: Ball
Carl Hodge is caught stealing 2nd base
2-1: Fly out, F9 (Flyball, 89M)
Batting: LHB Glenn Scoville 0-0: Ball
1-0: Swinging Strike
1-1: Swinging Strike
1-2: SINGLE (Line Drive, 6D)
Batting: LHB Bill Stephenson 0-0: Foul Ball, location: 2F
0-1: Foul Ball, location: 2F
0-2: Ball
1-2: Strikes out swinging
Bottom of the 2nd over - 0 run(s), 2 hit(s), 0 error(s), 1 left on base; Rocky Point HS 8 - Maize HS 0
TOP OF THE 3RD
Rocky Point HS Eagles batting - Pitching for Maize HS : RHP Norbert Patterson
Batting: RHB Benoît Vigneault 0-0: Foul Ball, location: 2F
0-1: Ball
1-1: Fly out, F6 (Line Drive, 6)
Batting: RHB Jeremy Flemming 0-0: Ball
1-0: SINGLE (Groundball, 56)
Batting: LHB Terry Simpson 0-0: Grounds into double play, 6-4-3 (Groundball, 6)
Top of the 3rd over - 0 run(s), 1 hit(s), 0 error(s), 0 left on base; Rocky Point HS 8 - Maize HS 0
BOTTOM OF THE 3RD
Maize HS batting - Pitching for Rocky Point HS Eagles : RHP Justin Taylor
Batting: RHB Raúl González 0-0: Ball
1-0: Ball
2-0: Called Strike
2-1: Foul Ball, location: 2F
2-2: Ball
3-2: Foul Ball, location: 2F
3-2: Foul Ball, location: 2F
3-2: Base on Balls
Batting: RHB Juan Romero 0-0: Ball
Raúl González steals 2nd base
1-0: Called Strike
1-1: Fly out, F4 (Popup, 4D)
Batting: RHB Miguel Hernández 0-0: Ball
1-0: Called Strike
1-1: Swinging Strike
1-2: Ball
2-2: Ball
3-2: Base on Balls
Batting: RHB Álex Hernández 0-0: Ball
1-0: Foul Ball, location: 2F
1-1: Ball
2-1: SINGLE (Groundball, 56D)
Raúl González to third
Miguel Hernández to second
Runner from 3rd tries for Home, SAFE, no throw or cutoff
Batting: RHB Norris Howard 0-0: Swinging Strike
0-1: Foul Ball, location: 2F
0-2: Grounds into double play, 6-4-3 (Groundball, 6M)
Bottom of the 3rd over - 1 run(s), 1 hit(s), 0 error(s), 1 left on base; Rocky Point HS 8 - Maize HS 1
TOP OF THE 4TH
Rocky Point HS Eagles batting - Pitching for Maize HS : RHP Norbert Patterson
Batting: LHB Michael Barrett 0-0: Ball
1-0: Foul Ball, location: 2F
1-1: SOLO HOME RUN (Flyball, 7LD), Distance : 352 ft
Batting: RHB Joe Lewis 0-0: Ball
1-0: Ball
2-0: Ball
3-0: Called Strike
3-1: Foul Ball, location: 2F
3-2: Ground out 6-3 (Groundball, 6M)
Batting: SHB Ralph Marshall 0-0: Foul Ball, location: 2F
0-1: Called Strike
0-2: Fly out, F9 (Line Drive, 89M)
Batting: RHB Robbie Anderson 0-0: SINGLE (Groundball, 56D)
Batting: SHB Waylon Adams 0-0: Foul Ball, location: 2F
Pickoff Throw to First - Out!
Top of the 4th over - 1 run(s), 2 hit(s), 0 error(s), 0 left on base; Rocky Point HS 9 - Maize HS 1
BOTTOM OF THE 4TH
Maize HS batting - Pitching for Rocky Point HS Eagles : RHP Justin Taylor
Batting: LHB Carl Hodge 0-0: Ball
1-0: Swinging Strike
1-1: Ball
2-1: Ball
3-1: Base on Balls
Batting: RHB José Murillo 0-0: Called Strike
0-1: Called Strike
0-2: Ball
1-2: Hit by Pitch
Carl Hodge to second
Batting: LHB Glenn Scoville 0-0: Ball
1-0: Ball
2-0: Ball
3-0: Called Strike
3-1: Ground out 4-3 (Groundball, 4M)
Carl Hodge to third
José Murillo to second
Batting: LHB Bill Stephenson 0-0: Called Strike
0-1: Ball
1-1: Ball
2-1: Ball
3-1: Base on Balls
Batting: RHB Raúl González 0-0: Ball
1-0: Called Strike
1-1: Ball
2-1: Swinging Strike
2-2: Foul Ball, location: 2F
2-2: Strikes out swinging
Batting: RHB Juan Romero 0-0: Ball
1-0: Foul Ball, location: 2F
1-1: Foul Ball, location: 2F
1-2: Strikes out looking
Bottom of the 4th over - 0 run(s), 0 hit(s), 0 error(s), 3 left on base; Rocky Point HS 9 - Maize HS 1
TOP OF THE 5TH
Rocky Point HS Eagles batting - Pitching for Maize HS : RHP Norbert Patterson
Batting: SHB Waylon Adams 0-0: Swinging Strike
0-1: Ball
1-1: Ball
2-1: Ball
3-1: Swinging Strike
3-2: Ground out 6-3 (Groundball, 6)
Batting: RHB Bill Bourland 0-0: Ball
1-0: Called Strike
1-1: Ball
2-1: Foul Ball, location: 2F
2-2: Ball
3-2: Foul Ball, location: 2F
3-2: Foul Ball, location: 2F
3-2: Base on Balls
Batting: RHB Benoît Vigneault 0-0: Called Strike
Bill Bourland steals 2nd base
0-1: Ball
1-1: Ball
Bill Bourland steals 3rd base
2-1: Fly out, F6 (Popup, 6M)
Batting: RHB Jeremy Flemming 0-0: Called Strike
0-1: Ball
1-1: Ball
2-1: Fly out, F8 (Flyball, 8LM)
Top of the 5th over - 0 run(s), 0 hit(s), 0 error(s), 1 left on base; Rocky Point HS 9 - Maize HS 1
BOTTOM OF THE 5TH
Maize HS batting - Pitching for Rocky Point HS Eagles : RHP Justin Taylor
Batting: RHB Miguel Hernández 0-0: Called Strike
0-1: Swinging Strike
0-2: SOLO HOME RUN (Line Drive, 9D), Distance : 419 ft
Batting: RHB Álex Hernández 0-0: Swinging Strike
0-1: Called Strike
0-2: Ground out 1-3 (Groundball, 13S)
Batting: RHB Norris Howard 0-0: Called Strike
0-1: Foul Ball, location: 2F
0-2: Foul Ball, location: 2F
0-2: Ball
1-2: Foul Ball, location: 2F
1-2: Foul Ball, location: 2F
1-2: Ball
2-2: Ball
3-2: Foul Ball, location: 2F
3-2: Foul Ball, location: 2F
3-2: Ground out 4-3 (Groundball, 4)
Batting: LHB Carl Hodge 0-0: Foul Ball, location: 2F
0-1: Called Strike
0-2: Ball
1-2: Ball
2-2: Strikes out swinging
Bottom of the 5th over - 1 run(s), 1 hit(s), 0 error(s), 0 left on base; Rocky Point HS 9 - Maize HS 2
TOP OF THE 6TH
Rocky Point HS Eagles batting - Pitching for Maize HS : RHP Norbert Patterson
Batting: LHB Terry Simpson 0-0: Swinging Strike
0-1: Called Strike
0-2: SOLO HOME RUN (Flyball, 89XD), Distance : 437 ft
Batting: LHB Michael Barrett 0-0: Ball
1-0: Called Strike
1-1: Ball
2-1: SINGLE (Line Drive, 7S)
Pitching: RHP John Gill
Batting: RHB Joe Lewis 0-0: Called Strike
0-1: Ball
Wild Pitch!
Michael Barrett to second
1-1: Foul Ball, location: 2F
1-2: Ball
2-2: Foul Ball, location: 2F
2-2: Ball
3-2: Base on Balls
Batting: SHB Ralph Marshall 0-0: Foul Ball, location: 2F
0-1: Ball
1-1: Swinging Strike
1-2: Strikes out swinging
Batting: RHB Robbie Anderson 0-0: Called Strike
0-1: Swinging Strike
0-2: Strikes out swinging
Batting: SHB Waylon Adams 0-0: Called Strike
0-1: Ball
1-1: Ball
2-1: Ball
3-1: Base on Balls
Michael Barrett to third
Joe Lewis to second
Batting: RHB Bill Bourland 0-0: Ball
1-0: Foul Ball, location: 2F
1-1: Swinging Strike
1-2: Ball
2-2: Foul Ball, location: 2F
2-2: GRAND SLAM HOME RUN (Flyball, 8LXD), Distance : 444 ft
Pitching: LHP Dan Thompson
Batting: RHB Benoît Vigneault 0-0: Foul Ball, location: 2F
0-1: Ball
1-1: Called Strike
1-2: Ball
2-2: Ball
3-2: Strikes out swinging
Top of the 6th over - 5 run(s), 3 hit(s), 0 error(s), 0 left on base; Rocky Point HS 14 - Maize HS 2
BOTTOM OF THE 6TH
Maize HS batting - Pitching for Rocky Point HS Eagles : RHP Justin Taylor
Pitching: RHP Albert Cole
Batting: RHB José Murillo 0-0: Swinging Strike
0-1: Swinging Strike
0-2: Strikes out swinging
Batting: LHB Glenn Scoville 0-0: Called Strike
0-1: Foul Ball, location: 2F
0-2: Ball
1-2: Ball
2-2: SINGLE (Line Drive, 56D)
Batting: LHB Bill Stephenson 0-0: Called Strike
0-1: Ball
1-1: Ball
2-1: Foul Ball, location: 2F
2-2: Strikes out swinging
Batting: RHB Raúl González 0-0: Called Strike
0-1: Called Strike
0-2: Strikes out swinging
Bottom of the 6th over - 0 run(s), 1 hit(s), 0 error(s), 1 left on base; Rocky Point HS 14 - Maize HS 2
TOP OF THE 7TH
Rocky Point HS Eagles batting - Pitching for Maize HS : LHP Dan Thompson
Batting: RHB Jeremy Flemming 0-0: Ground out 5-3 (Groundball, 5)
Batting: LHB Terry Simpson 0-0: Ball
1-0: Ball
2-0: Ball
3-0: Base on Balls
Batting: LHB Michael Barrett 0-0: Called Strike
0-1: Swinging Strike
0-2: Strikes out swinging
Batting: RHB Joe Lewis 0-0: Ball
1-0: Swinging Strike
1-1: Foul Ball, location: 2F
1-2: Strikes out swinging
Top of the 7th over - 0 run(s), 0 hit(s), 0 error(s), 1 left on base; Rocky Point HS 14 - Maize HS 2
BOTTOM OF THE 7TH
Maize HS batting - Pitching for Rocky Point HS Eagles : RHP Albert Cole
Batting: RHB Juan Romero 0-0: Ground out 5-3 (Groundball, 5S)
Batting: RHB Miguel Hernández 0-0: Swinging Strike
0-1: Ball
1-1: Swinging Strike
1-2: SINGLE (Line Drive, 78M)
Batting: RHB Álex Hernández 0-0: Swinging Strike
0-1: Ground out 3-1 (Groundball, 34)
Miguel Hernández to second
Batting: RHB Norris Howard 0-0: Called Strike
0-1: Swinging Strike
0-2: Ball
1-2: Foul Ball, location: 2F
1-2: Ball
Wild Pitch!
Miguel Hernández to third
2-2: Strikes out swinging
Bottom of the 7th over - 0 run(s), 1 hit(s), 0 error(s), 1 left on base; Rocky Point HS 14 - Maize HS 2
TOP OF THE 8TH
Rocky Point HS Eagles batting - Pitching for Maize HS : LHP Dan Thompson
Batting: SHB Ralph Marshall 0-0: Called Strike
0-1: Swinging Strike
0-2: Strikes out looking
Batting: RHB Robbie Anderson 0-0: Foul Ball, location: 2F
0-1: Swinging Strike
0-2: Ball
1-2: Strikes out looking
Batting: SHB Waylon Adams 0-0: Called Strike
0-1: Ball
1-1: Ball
2-1: Foul Ball, location: 2F
2-2: Ball
3-2: Strikes out swinging
Top of the 8th over - 0 run(s), 0 hit(s), 0 error(s), 0 left on base; Rocky Point HS 14 - Maize HS 2
BOTTOM OF THE 8TH
Maize HS batting - Pitching for Rocky Point HS Eagles : RHP Albert Cole
Pitching: RHP Jason Carrière
Now at 2B: Chris Miles
Pinch Hitting: LHB James Macías 0-0: Fly out, F9 (Flyball, 9M)
Batting: RHB José Murillo 0-0: Called Strike
0-1: Ball
1-1: Foul Ball, location: 2F
1-2: Ball
2-2: Ball
3-2: Foul Ball, location: 2F
3-2: Base on Balls
Batting: LHB Glenn Scoville 0-0: Ball
1-0: Called Strike
1-1: Foul Ball, location: 2F
1-2: Foul Ball, location: 2F
1-2: Ball
2-2: Ball
3-2: Base on Balls
José Murillo to second
Batting: LHB Bill Stephenson 0-0: Called Strike
0-1: Fly out, F7 (Line Drive, 7M)
Batting: RHB Raúl González 0-0: Ball
1-0: Ground out 5-3 (Groundball, 5S)
Bottom of the 8th over - 0 run(s), 0 hit(s), 0 error(s), 2 left on base; Rocky Point HS 14 - Maize HS 2
TOP OF THE 9TH
Rocky Point HS Eagles batting - Pitching for Maize HS : LHP Dan Thompson
Pitching: RHP Gregg Sullivan
Now at 1B: Ricardo Gómez
Batting: RHB Bill Bourland 0-0: Ball
1-0: Fly out, F8 (Flyball, 8LM)
Batting: RHB Benoît Vigneault 0-0: Foul Ball, location: 2F
0-1: Ball
1-1: Swinging Strike
1-2: Ball
2-2: Foul Ball, location: 2F
2-2: Ball
3-2: Strikes out swinging
Batting: RHB Jeremy Flemming 0-0: Called Strike
0-1: Called Strike
0-2: Ball
1-2: Strikes out swinging
Top of the 9th over - 0 run(s), 0 hit(s), 0 error(s), 0 left on base; Rocky Point HS 14 - Maize HS 2
BOTTOM OF THE 9TH
Maize HS batting - Pitching for Rocky Point HS Eagles : RHP Jason Carrière
Batting: RHB Juan Romero 0-0: Ball
1-0: Called Strike
1-1: Foul Ball, location: 2F
1-2: Ball
2-2: Strikes out swinging
Batting: RHB Miguel Hernández 0-0: Foul Ball, location: 2F
0-1: Called Strike
0-2: Ball
1-2: Ball
2-2: Foul Ball, location: 2F
2-2: Ball
3-2: Base on Balls
Batting: RHB Álex Hernández 0-0: Called Strike
0-1: SINGLE (Popup, 9S)
Miguel Hernández to second
Throwing error, E9
Miguel Hernández scores
Álex Hernández to second
Batting: RHB Norris Howard 0-0: Called Strike
0-1: Swinging Strike
0-2: Ground out 6-3 (Groundball, 6)
Batting: SHB Ricardo Gómez 0-0: Called Strike
0-1: Ball
1-1: Called Strike
1-2: Ground out 4-3 (Groundball, 4)
Bottom of the 9th over - 1 run(s), 1 hit(s), 1 error(s), 1 left on base; Rocky Point HS 14 - Maize HS 3
This league is powered by Out of the Park Baseball, the baseball management simulation game for PC, Mac and Linux
Wednesday, December 2nd, 2015 - OOTP Baseball 16.8 Build 38